TOP OF THE 1ST |
District 9 Prawns batting - Pitching for Texarkana Bears : RHP Enrique Valdés
|
Pitching: RHP Enrique Valdés
|
|
Batting: LHB Tommy Payne
|
0-0: Ground out U3 (Groundball, 3)
|
Batting: RHB José Colón
|
0-0: Called Strike 0-1: Ground out 5-3 (Groundball, 56)
|
Batting: SHB Rick Turner
|
0-0: Fly out, F7 (Flyball, 7LSF)
|
Top of the 1st over - 0 run(s), 0 hit(s), 0 error(s), 0 left on base; District 9 0 - Texarkana 0 |
BOTTOM OF THE 1ST |
Texarkana Bears batting - Pitching for District 9 Prawns : RHP Paul Ewing
|
Pitching: RHP Paul Ewing
|
|
Batting: LHB Sam Barnes
|
0-0: Called Strike 0-1: SINGLE (Groundball, 34D)
|
Batting: RHB Lu-fang Huie
|
0-0: Called Strike 0-1: Foul Ball, location: 2F 0-2: Ball 1-2: Ball 2-2: Foul Ball, location: 2F 2-2: Ball 3-2: Base on Balls Sam Barnes to second
|
Batting: RHB Keith Ford
|
0-0: Ball 1-0: Foul Ball, location: 2F 1-1: SINGLE (Groundball, 34D) Sam Barnes to third Lu-fang Huie to second Runner from 3rd tries for Home, SAFE, no throw
|
Batting: RHB Gustavo Díaz
|
0-0: Called Strike 0-1: Called Strike 0-2: Ball 1-2: Strikes out swinging
|
Batting: RHB Billy Campbell
|
0-0: Ball Passed Ball! Lu-fang Huie to third Keith Ford to second 1-0: Called Strike 1-1: Foul Ball, location: 2F 1-2: Ball 2-2: Ball 3-2: Ground out 1-3 (Groundball, 15S)
|
Batting: RHB Alberto Velásquez
|
0-0: Ball 1-0: Fly out, F7 (Flyball, 7LM)
|
Bottom of the 1st over - 1 run(s), 2 hit(s), 0 error(s), 2 left on base; District 9 0 - Texarkana 1 |
TOP OF THE 2ND |
District 9 Prawns batting - Pitching for Texarkana Bears : RHP Enrique Valdés
|
Batting: LHB José Flores
|
0-0: Ball 1-0: Called Strike 1-1: Ball 2-1: Swinging Strike 2-2: Strikes out looking
|
Batting: LHB Pedro Gonzáles
|
0-0: Ball 1-0: Foul Ball, location: 2F 1-1: Foul Ball, location: 2F 1-2: Foul Ball, location: 2F 1-2: Ground out 4-3 (Groundball, 4)
|
Batting: RHB Edgardo Carrasco
|
0-0: Ground out 6-3 (Groundball, 6)
|
Top of the 2nd over - 0 run(s), 0 hit(s), 0 error(s), 0 left on base; District 9 0 - Texarkana 1 |
BOTTOM OF THE 2ND |
Texarkana Bears batting - Pitching for District 9 Prawns : RHP Paul Ewing
|
Batting: RHB Arturo Rodríguez
|
0-0: Ball 1-0: Ball 2-0: Swinging Strike 2-1: Ball 3-1: Base on Balls
|
Batting: RHB Taki Chikafuji
|
0-0: Foul Ball, location: 2F 0-1: SINGLE (Line Drive, 34D) Arturo Rodríguez to second
|
Batting: RHB Steve Garneys
|
0-0: Ground out 3-1 (Groundball, 34S) Arturo Rodríguez to third Taki Chikafuji to second
|
Batting: LHB Sam Barnes
|
0-0: Foul Ball, location: 2F 0-1: 3-RUN HOME RUN (Flyball, 9D), Distance : 387 ft
|
Batting: RHB Lu-fang Huie
|
0-0: Ground out 6-3 (Groundball, 6)
|
Batting: RHB Keith Ford
|
0-0: Ball 1-0: Fly out, F3 (Line Drive, 34S)
|
Bottom of the 2nd over - 3 run(s), 2 hit(s), 0 error(s), 0 left on base; District 9 0 - Texarkana 4 |
TOP OF THE 3RD |
District 9 Prawns batting - Pitching for Texarkana Bears : RHP Enrique Valdés
|
Batting: RHB Boyd Pittman
|
0-0: Foul Ball, location: 2F 0-1: Ball 1-1: Ground out 4-3 (Groundball, 4)
|
Batting: RHB Rafael González
|
0-0: Called Strike 0-1: Ball 1-1: Ground out 1-3 (Groundball, P)
|
Batting: LHB Miguel Barrón
|
0-0: Ball 1-0: Foul Ball, location: 2F 1-1: Swinging Strike 1-2: Strikes out swinging
|
Top of the 3rd over - 0 run(s), 0 hit(s), 0 error(s), 0 left on base; District 9 0 - Texarkana 4 |
BOTTOM OF THE 3RD |
Texarkana Bears batting - Pitching for District 9 Prawns : RHP Paul Ewing
|
Batting: RHB Gustavo Díaz
|
0-0: Ball 1-0: Foul Ball, location: 2F 1-1: Swinging Strike 1-2: Strikes out swinging, 2-3 out at first.
|
Batting: RHB Billy Campbell
|
0-0: Foul Ball, location: 2F 0-1: Fly out, F2 (Popup, 2R)
|
Batting: RHB Alberto Velásquez
|
0-0: Foul Ball, location: 2F 0-1: SINGLE (Flyball, 7S)
|
Batting: RHB Arturo Rodríguez
|
0-0: Ball 1-0: Swinging Strike 1-1: SINGLE (Line Drive, 6M) Alberto Velásquez to second
|
Batting: RHB Taki Chikafuji
|
0-0: Ball 1-0: Foul Ball, location: 2F 1-1: Ball 2-1: Foul Ball, location: 2F 2-2: SINGLE (Groundball, 56S) (infield hit) Alberto Velásquez to third Arturo Rodríguez to second
|
Batting: RHB Steve Garneys
|
0-0: Ball 1-0: Ball 2-0: Called Strike 2-1: Called Strike 2-2: Foul Ball, location: 2F 2-2: Strikes out swinging
|
Bottom of the 3rd over - 0 run(s), 3 hit(s), 0 error(s), 3 left on base; District 9 0 - Texarkana 4 |
TOP OF THE 4TH |
District 9 Prawns batting - Pitching for Texarkana Bears : RHP Enrique Valdés
|
Batting: LHB Tommy Payne
|
0-0: Called Strike 0-1: Foul Ball, location: 2F 0-2: Ball 1-2: Ball 2-2: Ball 3-2: Base on Balls
|
Batting: RHB José Colón
|
0-0: Fly out, F7 (Flyball, 7D)
|
Batting: SHB Rick Turner
|
0-0: Called Strike Tommy Payne is caught stealing 2nd base 0-1: Called Strike 0-2: Ball 1-2: Strikes out swinging
|
Top of the 4th over - 0 run(s), 0 hit(s), 0 error(s), 0 left on base; District 9 0 - Texarkana 4 |
BOTTOM OF THE 4TH |
Texarkana Bears batting - Pitching for District 9 Prawns : RHP Paul Ewing
|
Batting: LHB Sam Barnes
|
0-0: Ball 1-0: Called Strike 1-1: SINGLE (Line Drive, 6D)
|
Batting: RHB Lu-fang Huie
|
0-0: Ball 1-0: Ball 2-0: Foul Ball, location: 2F 2-1: Ball 3-1: Swinging Strike 3-2: Foul Ball, location: 2F 3-2: Fielders Choice at 2nd, 5-4 (Groundball, 5L)
|
Batting: RHB Keith Ford
|
0-0: Ball 1-0: Ball 2-0: Called Strike 2-1: Swinging Strike 2-2: Foul Ball, location: 2F 2-2: Strikes out swinging
|
Batting: RHB Gustavo Díaz
|
0-0: Called Strike 0-1: Foul Ball, location: 2F 0-2: Ball Lu-fang Huie is caught stealing 2nd base
|
Bottom of the 4th over - 0 run(s), 1 hit(s), 0 error(s), 0 left on base; District 9 0 - Texarkana 4 |
TOP OF THE 5TH |
District 9 Prawns batting - Pitching for Texarkana Bears : RHP Enrique Valdés
|
Batting: LHB José Flores
|
0-0: Ball 1-0: Ball 2-0: Ground out 4-3 (Groundball, 34)
|
Batting: LHB Pedro Gonzáles
|
0-0: Ball 1-0: Called Strike 1-1: Ball 2-1: Foul Ball, location: 2F 2-2: Strikes out swinging, 2-3 out at first.
|
Batting: RHB Edgardo Carrasco
|
0-0: Ball 1-0: SINGLE (Groundball, 34D)
|
Batting: RHB Boyd Pittman
|
0-0: Ball 1-0: Ball 2-0: Called Strike 2-1: Ball Wild Pitch! Edgardo Carrasco to second 3-1: Base on Balls
|
Batting: RHB Rafael González
|
0-0: Called Strike 0-1: Called Strike 0-2: Strikes out swinging
|
Top of the 5th over - 0 run(s), 1 hit(s), 0 error(s), 2 left on base; District 9 0 - Texarkana 4 |
BOTTOM OF THE 5TH |
Texarkana Bears batting - Pitching for District 9 Prawns : RHP Paul Ewing
|
Batting: RHB Gustavo Díaz
|
0-0: Ball 1-0: Called Strike 1-1: Ground out U3 (Groundball, 3)
|
Batting: RHB Billy Campbell
|
0-0: DOUBLE (Line Drive, 89D)
|
Batting: RHB Alberto Velásquez
|
0-0: Foul Ball, location: 2F 0-1: Fly out, F8 (Flyball, 8RS)
|
Batting: RHB Arturo Rodríguez
|
0-0: Ball 1-0: Called Strike 1-1: Foul Ball, location: 2F 1-2: Ball 2-2: Foul Ball, location: 2F 2-2: Ball 3-2: Base on Balls
|
Pitching: LHP Ben Johnson
|
|
Batting: RHB Taki Chikafuji
|
0-0: Called Strike 0-1: DOUBLE (Flyball, 89D) Billy Campbell scores Arturo Rodríguez to third Runner from 3rd tries for Home, SAFE, no throw
|
Batting: RHB Steve Garneys
|
0-0: SINGLE (Groundball, 34D) Taki Chikafuji to third Runner from 3rd tries for Home, SAFE, no throw
|
Batting: LHB Sam Barnes
|
0-0: Ball 1-0: Called Strike 1-1: Ball 2-1: Called Strike 2-2: Ball 3-2: Strikes out swinging
|
Bottom of the 5th over - 3 run(s), 3 hit(s), 0 error(s), 1 left on base; District 9 0 - Texarkana 7 |
TOP OF THE 6TH |
District 9 Prawns batting - Pitching for Texarkana Bears : RHP Enrique Valdés
|
Batting: LHB Miguel Barrón
|
0-0: Ball 1-0: Ball 2-0: Called Strike 2-1: Called Strike 2-2: Strikes out swinging
|
Batting: LHB Tommy Payne
|
0-0: Ball 1-0: Foul Ball, location: 2F 1-1: Fly out, F9 (Flyball, 9S)
|
Batting: RHB José Colón
|
0-0: Ball 1-0: Ball 2-0: Ball 3-0: Called Strike 3-1: Ground out 6-3 (Groundball, 6S)
|
Top of the 6th over - 0 run(s), 0 hit(s), 0 error(s), 0 left on base; District 9 0 - Texarkana 7 |
BOTTOM OF THE 6TH |
Texarkana Bears batting - Pitching for District 9 Prawns : LHP Ben Johnson
|
Batting: RHB Lu-fang Huie
|
0-0: Ground out 6-3 (Groundball, 56)
|
Batting: RHB Keith Ford
|
0-0: Ball 1-0: Called Strike 1-1: Swinging Strike 1-2: Foul Ball, location: 2F 1-2: Foul Ball, location: 2F 1-2: Ball 2-2: Ball 3-2: Base on Balls
|
Batting: RHB Gustavo Díaz
|
0-0: Called Strike 0-1: Swinging Strike 0-2: Foul Ball, location: 2F 0-2: Foul Ball, location: 2F 0-2: Ball 1-2: Foul Ball, location: 2F 1-2: Ball 2-2: DOUBLE (Flyball, 8LXD) Keith Ford to third
|
Batting: RHB Billy Campbell
|
0-0: Ground out 1-3 (Groundball, 15S)
|
Batting: RHB Alberto Velásquez
|
0-0: Ball 1-0: Fly out, F8 (Flyball, 8LM)
|
Bottom of the 6th over - 0 run(s), 1 hit(s), 0 error(s), 2 left on base; District 9 0 - Texarkana 7 |
TOP OF THE 7TH |
District 9 Prawns batting - Pitching for Texarkana Bears : RHP Enrique Valdés
|
Batting: SHB Rick Turner
|
0-0: Ball 1-0: Foul Ball, location: 2F 1-1: Called Strike 1-2: Fly out, F7 (Flyball, 7)
|
Batting: LHB José Flores
|
0-0: Swinging Strike 0-1: Foul Ball, location: 2F 0-2: Fly out, F5 (Popup, 5S)
|
Batting: LHB Pedro Gonzáles
|
0-0: Ball 1-0: Ball 2-0: Foul Ball, location: 2F 2-1: Ball 3-1: Foul Ball, location: 2F 3-2: Base on Balls
|
Batting: RHB Edgardo Carrasco
|
0-0: Swinging Strike 0-1: Fly out, F7 (Flyball, 7)
|
Top of the 7th over - 0 run(s), 0 hit(s), 0 error(s), 1 left on base; District 9 0 - Texarkana 7 |
BOTTOM OF THE 7TH |
Texarkana Bears batting - Pitching for District 9 Prawns : LHP Ben Johnson
|
Batting: RHB Arturo Rodríguez
|
0-0: Called Strike 0-1: Fly out, F8 (Flyball, 8RM)
|
Batting: RHB Taki Chikafuji
|
0-0: Ball 1-0: Called Strike 1-1: SINGLE (Groundball, 56D)
|
Batting: RHB Steve Garneys
|
0-0: Called Strike 0-1: Ball 1-1: Ball 2-1: Swinging Strike 2-2: SINGLE (Groundball, 4M) (infield hit) Taki Chikafuji to second
|
Batting: LHB Sam Barnes
|
0-0: Ball 1-0: Called Strike 1-1: Called Strike 1-2: Strikes out swinging
|
Batting: RHB Lu-fang Huie
|
0-0: Called Strike 0-1: DOUBLE (Line Drive, 7LD) Taki Chikafuji scores Steve Garneys to third Runner from 3rd tries for Home, SAFE, no throw
|
Batting: RHB Keith Ford
|
0-0: Swinging Strike 0-1: Called Strike 0-2: Ball 1-2: Foul Ball, location: 2F 1-2: Foul Ball, location: 2F 1-2: Ball 2-2: Foul Ball, location: 2F 2-2: Fly out, F8 (Flyball, 8RXD)
|
Bottom of the 7th over - 2 run(s), 3 hit(s), 0 error(s), 1 left on base; District 9 0 - Texarkana 9 |
TOP OF THE 8TH |
District 9 Prawns batting - Pitching for Texarkana Bears : RHP Enrique Valdés
|
Batting: RHB Boyd Pittman
|
0-0: Ball 1-0: Called Strike 1-1: Ball 2-1: Ball 3-1: Called Strike 3-2: Strikes out looking
|
Batting: RHB Rafael González
|
0-0: Ball 1-0: Ball 2-0: Called Strike 2-1: Ground out 6-3 (Groundball, 6S)
|
Batting: LHB Miguel Barrón
|
0-0: Ball 1-0: Foul Ball, location: 2F 1-1: Foul Ball, location: 2F 1-2: Foul Ball, location: 2F 1-2: Ball 2-2: Strikes out swinging
|
Top of the 8th over - 0 run(s), 0 hit(s), 0 error(s), 0 left on base; District 9 0 - Texarkana 9 |
BOTTOM OF THE 8TH |
Texarkana Bears batting - Pitching for District 9 Prawns : LHP Ben Johnson
|
Pitching: LHP Roberto Ontiveros
|
|
Batting: RHB Gustavo Díaz
|
0-0: Ball 1-0: Fly out, F8 (Flyball, 8RM)
|
Batting: RHB Billy Campbell
|
0-0: Ball 1-0: Ball 2-0: Foul Ball, location: 2F 2-1: Ball 3-1: Base on Balls
|
Batting: RHB Alberto Velásquez
|
0-0: Called Strike 0-1: Ball 1-1: Ball 2-1: Ball 3-1: Swinging Strike 3-2: Strikes out swinging
|
Batting: RHB Arturo Rodríguez
|
0-0: Ball 1-0: Ball 2-0: Ball 3-0: Base on Balls Billy Campbell to second
|
Batting: RHB Taki Chikafuji
|
0-0: Ball 1-0: Ball 2-0: Ball 3-0: Base on Balls Billy Campbell to third Arturo Rodríguez to second
|
Batting: RHB Steve Garneys
|
0-0: Fielders Choice at 2nd, 4-6 (Groundball, 4)
|
Bottom of the 8th over - 0 run(s), 0 hit(s), 0 error(s), 2 left on base; District 9 0 - Texarkana 9 |
TOP OF THE 9TH |
District 9 Prawns batting - Pitching for Texarkana Bears : RHP Enrique Valdés
|
Now at 3B: Kun Liu
|
|
Batting: LHB Tommy Payne
|
0-0: Ground out 4-3 (Groundball, 34)
|
Batting: RHB José Colón
|
0-0: Ball 1-0: Foul Ball, location: 2F 1-1: Ball 2-1: Called Strike 2-2: Ball 3-2: Fly out, F8 (Flyball, 78D)
|
Batting: SHB Rick Turner
|
0-0: Ball 1-0: Ball 2-0: Called Strike 2-1: Swinging Strike 2-2: SINGLE (Flyball, 8RS)
|
Pitching: RHP Vaughan Gillespie
|
|
Batting: LHB José Flores
|
0-0: Ball 1-0: Ball 2-0: Foul Ball, location: 2F 2-1: Foul Ball, location: 2F 2-2: Ball 3-2: Foul Ball, location: 2F 3-2: Strikes out swinging
|
Top of the 9th over - 0 run(s), 1 hit(s), 0 error(s), 1 left on base; District 9 0 - Texarkana 9 |
|